 Dungeon Crawl Stone Soup version 0.31.0-11-ge490571c62 (webtiles) character file.

Game seed: 5115469280490234858

1464 Warped the Cleaver (level 8, -1/94 HPs)
             Began as a Minotaur Gladiator on Jan 27, 2024.
             Slain by a wraith (10 damage)
             ... on level 6 of the Dungeon.
             The game lasted 00:05:49 (5004 turns).

Warped the Cleaver (Minotaur Gladiator)             Turns: 5004, Time: 00:05:49

Health: -1/94      AC: 24    Str: 20    XL:     8   Next: 48%
Magic:  7/7        EV:  2    Int:  5    God:
Gold:   427        SH:  0    Dex: 13    Spells: 7/7 levels left

rFire   . . .        a - +1 war axe
rCold   . . .        (no shield)
rNeg    . . .        u - melded +0 scale mail
rPois   +            c - melded +1 hat
rElec   .            (cloak currently unavailable)
rCorr   .            (gloves currently unavailable)
SInv    .            f - melded +0 pair of boots
Will    .....        (no amulet)
Stlth   +            (no ring)
HPRegen 0.35/turn    (no ring)
MPRegen 0.10/turn

%: no passive effects
@: tree-form, slowed, very slow
A: stationary, stasis, torment immunity, boosted hp, (horns 2), (retaliatory
headbutt)
a: no special abilities


You were on level 6 of the Dungeon.
You were a tree.
You visited 1 branch of the dungeon, and saw 6 of its levels.
You also visited: Ossuary.

You collected 427 gold pieces.

Inventory:

Hand Weapons
 a - a +1 war axe (weapon)
 b - a +1 dagger of venom
 l - a +0 dagger of protection
 q - a +0 mace of protection
Missiles
 e - 3 javelins
 m - 24 stones
 p - 8 poisoned darts
Armour
 c - a +1 hat (melded)
 f - a +0 pair of boots (melded)
 k - a +0 ring mail
 o - a +0 plate armour
 t - a +0 leather armour
 u - a +0 scale mail (melded)
 x - a +0 kite shield
Wands
 y - a wand of roots (10)
Scrolls
 n - a scroll of poison
 v - a scroll of enchant weapon
Potions
 g - 2 potions of mutation {unknown}
 i - 2 potions of lignification
 j - 3 potions of cancellation
 r - a potion of enlightenment {unknown}
 s - 2 potions of invisibility {unknown}
 w - a potion of magic {unknown}
 A - 2 potions of brilliance {unknown}


   Skills:
 + Level 3.1 Fighting
 * Level 12.5 Axes
 - Level 2.0 Throwing
 + Level 1.7 Armour
 + Level 3.7 Dodging


You had 7 spell levels left.
You didn't know any spells.
Your spell library contained the following spells:

 Spells                   Type           Power      Damage    Failure   Level
 Magic Dart               Conj           0%         1d3       47%         1
 Shock                    Conj/Air       0%         1d3       47%         1
 Blink                    Tloc           0%         N/A       63%         2
 Call Imp                 Summ           0%         N/A       63%         2
 Lesser Beckoning         Tloc           0%         N/A       63%         2
 Searing Ray              Conj           0%         2d4       63%         2
 Gell's Gravitas          Tloc           0%         N/A       85%         3
 Swiftness                Air            0%         N/A       85%         3
 Teleport Other           Tloc           0%         N/A       85%         3
 Airstrike                Air            0%         2d(0-16)  99%         4
 Fulminant Prism          Conj/Alch      0%         3d5       99%         4
 Ignite Poison            Fire/Alch      0%         N/A       99%         4
 Sticky Flame             Fire/Alch      0%         2d4       99%         4
 Ignition                 Fire           0%         3d3       100%        8


Dungeon Overview and Level Annotations

Branches:
Dungeon (6/15)             Temple (0/1) D:5         Ossuary (visited)

Altars:
Wu Jian
The Shining One

Shops:
D:4 *


Innate Abilities, Weirdness & Mutations

You are a tree.
Your roots penetrate the ground, keeping you stationary.
You cannot be teleported.
You are immune to unholy pain and torment.
Your maximum health is greatly increased.
Your equipment is partially melded.
((You have a pair of horns on your head.))
((You reflexively headbutt those who attack you in melee.))


Message History

The wraith is heavily damaged.
The wraith barely misses you.
Throw: throwing net
Press: ? - help, Q - select action, (/) - cycle Shift-Dir - straight line, f/p - wraith
Aim: a wraith (heavily damaged, 56% to hit, immune to nets)
You throw a throwing net. The throwing net hits the wraith.
The net passes right through the wraith!
The wraith is heavily damaged.
The wraith hits you but does no damage.
You hit the wraith but do no damage. Your headbutt misses the wraith.
The wraith is heavily damaged.
The wraith hits you.
* * * LOW HITPOINT WARNING * * *
The wraith drains your vigour!
You feel as though you will be slow longer.
The wraith barely misses you. You furiously retaliate!
You headbutt the wraith.
Aiming: Fastroot
Press: ? - help, Shift-Dir - straight line, f - you, p - wraith The roots erupt in riotous growth!
The wraith is unaffected.
You hear the slow rusting of a very distant drain.
You hear an angry growl.
The wraith hits you!
* * * LOW HITPOINT WARNING * * *
It was a potion of lignification.
You turn into a tree.
Your +1 hat melds into your body.
Your +0 pair of boots melds into your body.
Your +0 scale mail melds into your body.
Your roots penetrate the ground.
The wraith hits you but does no damage.
A black bear comes into view.
The wraith barely misses you.
You hit the wraith but do no damage.
The wraith is heavily damaged.
The wraith hits you but does no damage.
You hit the wraith but do no damage. Your punch misses the wraith.
The wraith is heavily damaged.
The wraith hits you but does no damage.
You hit the wraith.
The wraith is severely damaged.
The wraith hits you!
You die...

.. ..## ### .....
.. #.... .#
#...###W# ###.
##.....♣.#..... .
#......†....#....
........###.#...#
............#...#
.#.####.........#
# ##...###..#
##.......#
##.....## ##....#


You could see a wraith.

Vanquished Creatures
  2 ice beasts
  2 black bears
  2 phantoms (D:5)
  A weeping skull (Ossuary)
  2 scorpions
  5 water moccasin zombies (Ossuary)
  4 hounds
  An iguana (D:5)
  A jelly (D:5)
  2 orc wizards
  A crocodile zombie (Ossuary)
  A bullfrog simulacrum (Ossuary)
  2 mummies (Ossuary)
  Robin (D:2)
  3 gnolls (D:4)
  3 adders
  6 adder zombies (Ossuary)
  3 dart slugs
  A ribbon worm (D:5)
  10 orcs
  3 endoplasms
  2 giant cockroaches
  6 gnoll zombies (Ossuary)
  21 goblins
  8 hobgoblins
  4 jackals (D:3)
  4 quokkas
  5 ball pythons
  5 bats
  2 frilled lizards (D:2)
  6 jackal zombies (Ossuary)
  7 kobolds
  4 orc zombies (Ossuary)
  6 rats
136 creatures vanquished.

Notes
Turn   | Place    | Note
-------+----------+-------------------------------------------
     0 | D:1      | Warped the Minotaur Gladiator began the quest for the Orb.
     0 | D:1      | Reached XP level 1. HP: 18/18 MP: 0/0
    96 | D:1      | Reached skill level 4 in Axes
   242 | D:1      | Reached XP level 2. HP: 15/25 MP: 1/1
   612 | D:1      | Found a faded altar of an unknown god.
   619 | D:1      | Reached skill level 5 in Axes
   799 | D:2      | Reached XP level 3. HP: 30/30 MP: 2/2
  1111 | D:2      | Noticed Robin
  1125 | D:2      | Killed Robin
  1126 | D:2      | Reached skill level 6 in Axes
  1126 | D:2      | Reached XP level 4. HP: 16/37 MP: 3/3
  2031 | D:3      | Found an ornate altar of the Wu Jian Council.
  2250 | D:4      | Found Ladaleeh's Assorted Antiques.
  2294 | D:4      | Reached XP level 5. HP: 27/42 MP: 4/4
  2297 | D:4      | Reached skill level 7 in Axes
  2806 | D:4      | Noticed a black bear
  2815 | D:4      | Killed a black bear
  2816 | D:4      | Reached skill level 8 in Axes
  2816 | D:4      | Reached XP level 6. HP: 28/50 MP: 5/5
  3540 | D:5      | Entered Level 5 of the Dungeon
  3722 | D:5      | Noticed an ice beast
  3730 | D:5      | Killed an ice beast
  3731 | D:5      | Reached skill level 9 in Axes
  3747 | D:5      | Reached XP level 7. HP: 50/56 MP: 6/6
  3846 | D:5      | Reached skill level 10 in Axes
  3875 | D:5      | Found a staircase to the Ecumenical Temple.
  3955 | D:5      | Found a glowing golden altar of the Shining One.
  4029 | D:5      | Found a sand-covered staircase.
  4038 | Ossuary  | Entered an ossuary
  4105 | Ossuary  | Reached skill level 11 in Axes
  4183 | Ossuary  | Reached XP level 8. HP: 45/62 MP: 7/7
  4277 | Ossuary  | Reached skill level 12 in Axes
  4978 | D:6      | Reached skill level 1 in Armour
  5004 | D:6      | Slain by a wraith

Illustrated notes

Levels and vault maps discovered:
D:1:      onia_arrival_pyramid, layout_loops_cross,
          nicolae_ecumenical_snake_handling
D:2:      layout_rooms, minmay_pentomino_q4, uniq_robin
D:3:      layout_basic, mainiacjoe_overflow_alcove_2, roderic_roman_lattice,
          minivault_25
D:4:      layout_layer_cave, serial_shops, nicolae_take_the_stairs
D:5:      layout_basic, lemuel_doored_altar, minmay_temple_entry_ruins,
          nicolae_ossuary_entry_monument, serial_bayou, serial_bayou_shore_a,
          serial_bayou_lagoon_a, serial_bayou_pond_e, serial_bayou_pond_c,
          serial_bayou_crossing, serial_bayou_pond_a, minmay_checkerbox
D:6:      hangedman_cross_stitches, layout_loops_ring,
          mainiacjoe_overflow_brackets, cheibrodos_sewer_entry_bend

Skill      XL: |  1  2  3  4  5  6  7  8 |
---------------+-------------------------+-----
Axes           | 4 5 6 8 9 11 12 | 12.5
Armour         | 1 |  1.7
Fighting       | 3 |  3.1
Throwing       | |  2.0
Dodging        | |  3.7

Action                     |  1- 3 |  4- 6 |  7- 9 || total
---------------------------+-------+-------+-------++-------
  Melee: War axe           |    87 |    49 |   133 ||   269
         Headbutt          |     9 |    12 |    29 ||    50
         Dagger            |       |    42 |       ||    42
         Punch             |       |     1 |       ||     1
  Throw: Throwing net      |       |     1 |     4 ||     5
  Evoke: Wand              |       |       |     1 ||     1
    Use: Scroll            |       |     5 |     7 ||    12
         Potion            |       |       |     5 ||     5
   Stab: Held in net/web   |       |     1 |     1 ||     2
 Armour: Leather armour    |    21 |       |       ||    21
         Ring mail         |    42 |    23 |       ||    65
         Scale mail        |       |    76 |    98 ||   174
         Skin              |       |       |     4 ||     4
  Dodge: Dodged            |    55 |    73 |    63 ||   191
